[Event "Slovakia Open Piestany-A 2022"]
[Site "Piestany"]
[Date "2022.07.12"]
[Round "1.1"]
[White "Palchuk, Andrii"]
[Black "Demchenko, Anton"]
[Result "0-1"]
[ECO "A50"]
[WhiteElo "2248"]
[BlackElo "2653"]
[Annotator "ChessBase"]
[PlyCount "96"]
[EventDate "2022.07.12"]
[EventType "swiss"]
[EventCountry "SVK"]
[SourceTitle "playchess.com"]
[Source "ChessBase"]
[SourceQuality "1"]
[TimeControl "40/5400+30:1800+30"]

1. d4 Nf6 2. Nf3 g6 3. c4 Bg7 4. g3 b6 5. Bg2 Bb7 6. O-O O-O 7. d5 Na6 8. Nc3 Nc5 9. Nd4 e5 10. Nc2 a5 11. Rb1 d6 12. b3 Bc8 13. e4 Ne8 14. a3 f5 15. f3 a4 16. b4 Nb3 17. Be3 f4 18. Bf2 fxg3 19. hxg3 Bh6 20. Ne3 Bd7 21. Qd3 Bg5 22. Ne2 h5 23. Be1 Bh6 24. Nc1 h4 25. gxh4 Nxc1 26. Rxc1 Rf4 27. Rc2 Rxh4 28. Ng4 Bf4 29. Bxh4 Qxh4 30. Rd1 Ng7 31. Kf1 Nh5 32. Nf2 Qh2 33. Ng4 Bxg4 34. fxg4 Ng3+ 35. Ke1 Qg1+ 36. Bf1 Nxf1 37. Qxf1 Qe3+ 38. Qe2 Bg3+ 39. Kf1 Rf8+ 40. Kg2 Rf2+ 41. Qxf2 Bxf2 42. Rxf2 Qxe4+ 43. Kg3 Qxc4 44. Rdf1 Qxd5 45. g5 Kg7 46. Rf8 e4 47. Kh4 e3 48. Re8 Qc4+ 0-1

[Event "Slovakia Open Piestany-A 2022"]
[Site "Piestany"]
[Date "2022.07.12"]
[Round "1.2"]
[White "Donchenko, Alexander"]
[Black "Domalchuk-Jonasson, Aleksandr"]
[Result "1-0"]
[ECO "D31"]
[WhiteElo "2640"]
[BlackElo "2244"]
[Annotator "ChessBase"]
[PlyCount "61"]
[EventDate "2022.07.12"]
[EventType "swiss"]
[EventCountry "SVK"]
[SourceTitle "playchess.com"]
[Source "ChessBase"]
[SourceQuality "1"]
[TimeControl "40/5400+30:1800+30"]

1. c4 e6 2. Nc3 d5 3. d4 a6 4. cxd5 exd5 5. Qb3 Nf6 6. Bg5 c6 7. e4 Be7 8. e5 Nfd7 9. Bxe7 Qxe7 10. Qc2 O-O 11. Bd3 g6 12. f4 f6 13. Nf3 fxe5 14. fxe5 Nb6 15. Qb3 Qd8 16. O-O a5 17. Rae1 Be6 18. h4 N8d7 19. Qa3 Rxf3 20. Rxf3 Qxh4 21. Ree3 Rf8 22. Rxf8+ Nxf8 23. Qxa5 Qxd4 24. Nd1 Nc4 25. Bxc4 dxc4 26. Qe1 Bd5 27. Nc3 Ne6 28. Qf2 Nf4 29. Nxd5 cxd5 30. e6 Kf8 31. g3 1-0

[Event "Slovakia Open Piestany-A 2022"]
[Site "Piestany"]
[Date "2022.07.12"]
[Round "1.3"]
[White "Leszko, Bence"]
[Black "Moroni, Luca Jr"]
[Result "0-1"]
[ECO "B07"]
[WhiteElo "2241"]
[BlackElo "2584"]
[Annotator "ChessBase"]
[PlyCount "98"]
[EventDate "2022.07.12"]
[EventType "swiss"]
[EventCountry "SVK"]
[SourceTitle "playchess.com"]
[Source "ChessBase"]
[SourceQuality "1"]
[TimeControl "40/5400+30:1800+30"]

1. e4 d6 2. d4 Nf6 3. Nc3 g6 4. Bg5 Bg7 5. Qd2 O-O 6. Bh6 c5 7. Bxg7 Kxg7 8. d5 Qa5 9. a4 Na6 10. Nf3 Nb4 11. Bd3 Bg4 12. O-O Bxf3 13. gxf3 Nxd3 14. Qxd3 Nh5 15. Ne2 Qc7 16. f4 f5 17. Qc3+ Kh6 18. f3 Qd7 19. Qe3 Rae8 20. Ng3 e6 21. Nxh5 Kxh5 22. c4 exd5 23. cxd5 Rf7 24. e5 dxe5 25. fxe5 f4 26. Qe4 Rf5 27. Rae1 Qe7 28. Rf2 Rxe5 29. Qxe5+ Qxe5 30. Rxe5+ Rxe5 31. Rd2 Re7 32. d6 Rd7 33. Rd5+ g5 34. Kf2 b6 35. Ke2 Kg6 36. Kd3 Kf6 37. Ke4 h6 38. h4 gxh4 39. Kxf4 Ke6 40. Rh5 Rh7 41. Rxh4 Kxd6 42. Ke4 Ke6 43. Kd3 Kf5 44. Kc4 h5 45. Kb5 Kg5 46. Rh3 Kf4 47. Ka6 h4 48. a5 bxa5 49. Kxa5 Ke3 0-1

[Event "Slovakia Open Piestany-A 2022"]
[Site "Piestany"]
[Date "2022.07.12"]
[Round "1.4"]
[White "Krasenkow, Michal"]
[Black "Mullick, Raahil"]
[Result "1/2-1/2"]
[ECO "D23"]
[WhiteElo "2569"]
[BlackElo "2237"]
[Annotator "ChessBase"]
[PlyCount "149"]
[EventDate "2022.07.12"]
[EventType "swiss"]
[EventCountry "SVK"]
[SourceTitle "playchess.com"]
[Source "ChessBase"]
[SourceQuality "1"]
[TimeControl "40/5400+30:1800+30"]

1. Nf3 d5 2. d4 Nf6 3. c4 c6 4. Qb3 dxc4 5. Qxc4 Bg4 6. Nbd2 Nbd7 7. g3 e6 8. Bg2 Be7 9. O-O O-O 10. Qb3 Nb6 11. Re1 a5 12. e4 a4 13. Qc3 Rc8 14. Ne5 Bh5 15. Ndc4 Nbd5 16. exd5 cxd5 17. g4 Bg6 18. g5 Ne8 19. Qg3 dxc4 20. Bxb7 Rc7 21. Nc6 Qd7 22. Nxe7+ Qxe7 23. Bg2 Rd7 24. d5 Qb4 25. Qe3 Nc7 26. Bd2 Qxb2 27. Bc3 Qb5 28. Qd4 f6 29. gxf6 gxf6 30. Qg4 Rg7 31. dxe6 Bf5 32. Qf3 Bxe6 33. Rxe6 Nxe6 34. Kh1 Qg5 35. Qc6 Nf4 36. Bf3 Rg6 37. Bd2 Kh8 38. Qxc4 Rfg8 39. Qc1 Nd3 40. Bxg5 Nxc1 41. Rxc1 Rxg5 42. h3 Rf5 43. Rc3 Rb8 44. Ra3 Rg5 45. h4 Rf5 46. Kg2 Rb4 47. Kg3 Rff4 48. h5 Kg7 49. Re3 Rfd4 50. Re7+ Kh6 51. Re6 Kg5 52. Re7 Rd3 53. Rg7+ Kf5 54. Kg2 Rb2 55. Rxh7 Kf4 56. Rc7 Rxa2 57. Rc4+ Kg5 58. Rg4+ Kf5 59. Rh4 Rd8 60. h6 Kg5 61. Rh5+ Kg6 62. h7 Rh8 63. Rh3 a3 64. Bd5 Ra1 65. Bg8 Kf5 66. Re3 Kf4 67. Rf3+ Ke5 68. Re3+ Kd4 69. Rf3 Ke5 70. Re3+ Kf5 71. Rf3+ Kg6 72. Rg3+ Kh6 73. Rh3+ Kg7 74. Rg3+ Kf8 75. Rf3 1/2-1/2

[Event "Slovakia Open Piestany-A 2022"]
[Site "Piestany"]
[Date "2022.07.12"]
[Round "1.5"]
[White "Sharma Isha"]
[Black "Neugebauer, Martin"]
[Result "1-0"]
[ECO "B90"]
[WhiteElo "2236"]
[BlackElo "2528"]
[Annotator "ChessBase"]
[PlyCount "111"]
[EventDate "2022.07.12"]
[EventType "swiss"]
[EventCountry "SVK"]
[SourceTitle "playchess.com"]
[Source "ChessBase"]
[SourceQuality "1"]
[TimeControl "40/5400+30:1800+30"]

1. e4 c5 2. Nf3 d6 3. d4 cxd4 4. Nxd4 Nf6 5. Nc3 a6 6. Be3 e5 7. Nb3 Be7 8. h3 Be6 9. f4 exf4 10. Bxf4 Nc6 11. Qe2 Qc7 12. O-O-O Rc8 13. Kb1 O-O 14. g4 Ne5 15. Nd4 Qb6 16. Qe3 Qa5 17. Nb3 Qc7 18. g5 Nfd7 19. Rh2 Nb6 20. Nd5 Bxd5 21. exd5 Rfe8 22. Qg3 Bf8 23. h4 g6 24. h5 Bg7 25. hxg6 hxg6 26. Qh3 Nec4 27. c3 Re4 28. Bc1 Ne5 29. Nd4 Re8 30. Bg2 Rg4 31. Qh7+ Kf8 32. Ne6+ fxe6 33. Rf1+ Nf7 34. dxe6 Rxe6 35. Bh3 Rge4 36. Bxe6 Rxe6 37. Rhf2 Re7 38. Qxg6 Kg8 39. Rh2 Qc4 40. Rf4 Qd5 41. Qh7+ Kf8 42. g6 Qd3+ 43. Ka1 Nd5 44. Rxf7+ Rxf7 45. gxf7 Qxh7 46. Rxh7 Nf6 47. Rh4 Kxf7 48. Bh6 Bxh6 49. Rxh6 Ke7 50. Kb1 Nd7 51. Kc2 Ne5 52. Rh7+ Nf7 53. Kd3 Ke6 54. Kd4 Nd8 55. Rh6+ Kd7 56. Kd5 1-0

[Event "Slovakia Open Piestany-A 2022"]
[Site "Piestany"]
[Date "2022.07.12"]
[Round "1.6"]
[White "Schitco, Ivan"]
[Black "Chlpik, Martin"]
[Result "1-0"]
[ECO "A33"]
[WhiteElo "2490"]
[BlackElo "2236"]
[Annotator "ChessBase"]
[PlyCount "55"]
[EventDate "2022.07.12"]
[EventType "swiss"]
[EventCountry "SVK"]
[SourceTitle "playchess.com"]
[Source "ChessBase"]
[SourceQuality "1"]
[TimeControl "40/5400+30:1800+30"]

1. c4 c5 2. Nf3 Nc6 3. d4 cxd4 4. Nxd4 Nf6 5. Nc3 e6 6. g3 d6 7. Bg2 Bd7 8. Ndb5 Qb8 9. Bf4 Ne5 10. b3 a6 11. Nd4 Be7 12. O-O O-O 13. Qd2 Rd8 14. Rad1 h6 15. h3 Nh5 16. Be3 f5 17. Na4 Bxa4 18. bxa4 Nxc4 19. Qd3 Nb2 20. Qb3 Nxd1 21. Qxe6+ Kh8 22. Rxd1 Re8 23. Qf7 Nf6 24. Nxf5 Bf8 25. Bxh6 gxh6 26. Qxf6+ Kh7 27. Qf7+ Kh8 28. Bd5 1-0

[Event "Slovakia Open Piestany-A 2022"]
[Site "Piestany"]
[Date "2022.07.12"]
[Round "1.7"]
[White "Aradhya, Garg"]
[Black "Omelja, Artem"]
[Result "0-1"]
[ECO "D36"]
[WhiteElo "2229"]
[BlackElo "2478"]
[Annotator "ChessBase"]
[PlyCount "118"]
[EventDate "2022.07.12"]
[EventType "swiss"]
[EventCountry "SVK"]
[SourceTitle "playchess.com"]
[Source "ChessBase"]
[SourceQuality "1"]
[TimeControl "40/5400+30:1800+30"]

1. d4 d5 2. c4 e6 3. Nc3 Nf6 4. cxd5 exd5 5. Bg5 c6 6. e3 h6 7. Bh4 Be7 8. Bd3 O-O 9. Qc2 Re8 10. Bg3 Bd6 11. Nf3 Bxg3 12. hxg3 Nbd7 13. O-O-O Ng4 14. Nh4 Nb6 15. Nf5 Nc4 16. e4 Bxf5 17. exf5 Qg5+ 18. Kb1 Nd6 19. Qd2 Re7 20. Rh4 Nf6 21. Qxg5 hxg5 22. Rhh1 Rae8 23. f3 g4 24. Kc2 Nc4 25. Bxc4 dxc4 26. b3 Re3 27. Rdf1 Rd3 28. bxc4 Rxd4 29. Rh4 Rxc4 30. Rfh1 Kf8 31. Rh8+ Ke7 32. Re1+ Kd7 33. Rhxe8 Nxe8 34. Kd3 b5 35. a4 a6 36. Ra1 Nd6 37. axb5 axb5 38. Ra7+ Ke8 39. Ra8+ Ke7 40. Ra7+ Kf6 41. Ne4+ Nxe4 42. fxe4 g6 43. fxg6 Kxg6 44. Rb7 Kf6 45. Ke3 Ke6 46. Kd3 f5 47. exf5+ Kxf5 48. Rb6 Ke5 49. Rb8 Kd5 50. Ke3 Kc5 51. Rf8 Kb4 52. Rf1 c5 53. Rb1+ Ka5 54. Rb2 b4 55. Ra2+ Kb5 56. Ra8 Rd4 57. Rb8+ Kc4 58. Ra8 b3 59. Rb8 Kc3 0-1

[Event "Slovakia Open Piestany-A 2022"]
[Site "Piestany"]
[Date "2022.07.12"]
[Round "1.8"]
[White "Kozak, Antoni"]
[Black "Matras, Ondrej"]
[Result "1-0"]
[ECO "D45"]
[WhiteElo "2475"]
[BlackElo "2229"]
[Annotator "ChessBase"]
[PlyCount "77"]
[EventDate "2022.07.12"]
[EventType "swiss"]
[EventCountry "SVK"]
[SourceTitle "playchess.com"]
[Source "ChessBase"]
[SourceQuality "1"]
[TimeControl "40/5400+30:1800+30"]

1. Nf3 d5 2. e3 Nf6 3. c4 c6 4. Nc3 e6 5. d4 Nbd7 6. Be2 dxc4 7. a4 Bb4 8. Bxc4 O-O 9. O-O Qa5 10. Qc2 e5 11. Bb3 exd4 12. exd4 Qh5 13. Bg5 Bd6 14. h3 b6 15. a5 b5 16. a6 Rb8 17. Ne2 Rb6 18. Ng3 Qg6 19. Nf5 Ne5 20. dxe5 Bxf5 21. Qc1 Bxh3 22. exd6 h6 23. Bc2 Ne4 24. Bxe4 Qxe4 25. Qf4 Qg6 26. gxh3 f6 27. d7 Rbb8 28. Nh4 Qxg5+ 29. Qxg5 hxg5 30. Ng6 Rf7 31. Rad1 Rd8 32. Rfe1 Rfxd7 33. Re8+ Rxe8 34. Rxd7 c5 35. Rxa7 c4 36. Ne7+ Kf7 37. Rb7 Ra8 38. Nd5+ Kg6 39. Nc7 1-0

[Event "Slovakia Open Piestany-A 2022"]
[Site "Piestany"]
[Date "2022.07.12"]
[Round "1.9"]
[White "Zvarik, Martin"]
[Black "Gretarsson, Helgi Ass"]
[Result "0-1"]
[ECO "B07"]
[WhiteElo "2213"]
[BlackElo "2472"]
[Annotator "ChessBase"]
[PlyCount "78"]
[EventDate "2022.07.12"]
[EventType "swiss"]
[EventCountry "SVK"]
[SourceTitle "playchess.com"]
[Source "ChessBase"]
[SourceQuality "1"]
[TimeControl "40/5400+30:1800+30"]

1. e4 d6 2. d4 Nf6 3. Nc3 g6 4. Be3 c6 5. Bd3 Nbd7 6. Nf3 e5 7. O-O Bg7 8. Qc1 O-O 9. dxe5 dxe5 10. h3 Qe7 11. b3 Re8 12. Qb2 Nh5 13. Rad1 b5 14. Ne2 Bb7 15. Rd2 Nf4 16. Rfd1 Nc5 17. b4 Nfxd3 18. cxd3 Na4 19. Qb3 a5 20. bxa5 Rxa5 21. d4 exd4 22. Bxd4 Bxd4 23. Rxd4 Nc5 24. Qc2 Ra4 25. e5 Rxd4 26. Rxd4 Ne6 27. Rd6 c5 28. Qb3 Bxf3 29. Qxf3 Ng5 30. Qc6 Qxe5 31. Ng3 Rb8 32. h4 Ne6 33. Ne4 Kg7 34. Rd7 Nf8 35. Ra7 Rd8 36. g3 Ne6 37. Qb7 Qf5 38. Qe7 Rd1+ 39. Kh2 Qf3 0-1

[Event "Slovakia Open Piestany-A 2022"]
[Site "Piestany"]
[Date "2022.07.12"]
[Round "1.10"]
[White "Sahidi, Samir"]
[Black "Holly, Andrej"]
[Result "1-0"]
[ECO "E68"]
[WhiteElo "2462"]
[BlackElo "2213"]
[Annotator "ChessBase"]
[PlyCount "91"]
[EventDate "2022.07.12"]
[EventType "swiss"]
[EventCountry "SVK"]
[SourceTitle "playchess.com"]
[Source "ChessBase"]
[SourceQuality "1"]
[TimeControl "40/5400+30:1800+30"]

1. c4 Nf6 2. Nf3 g6 3. g3 Bg7 4. Bg2 O-O 5. d4 d6 6. Nc3 Nbd7 7. O-O e5 8. e4 Qe7 9. Re1 c6 10. b3 exd4 11. Nxd4 Nc5 12. h3 Re8 13. Bb2 Ne6 14. Nc2 Ng5 15. Kh2 Qd7 16. g4 Ne6 17. Qd2 h5 18. f3 hxg4 19. fxg4 Qe7 20. Rad1 Rd8 21. Kg1 Nh7 22. Rf1 Qh4 23. Na4 Be5 24. Qf2 Qxf2+ 25. Rxf2 b6 26. Rfd2 Bb7 27. Ne1 c5 28. Nc3 Bc6 29. Nf3 Nf6 30. Nd5 Bxd5 31. Nxe5 dxe5 32. exd5 Nd4 33. Rf2 Ne8 34. Re1 f6 35. g5 fxg5 36. Rxe5 Nf5 37. Bc1 Ned6 38. Re6 Kg7 39. Bxg5 Re8 40. Rfe2 Kf7 41. Kf2 a5 42. Be4 a4 43. Bxf5 Nxf5 44. Rf6+ Kg7 45. Rxe8 Rxe8 46. Rxb6 1-0

[Event "Slovakia Open Piestany-A 2022"]
[Site "Piestany"]
[Date "2022.07.12"]
[Round "1.11"]
[White "Delgerdalai, Bayarjavkhlan"]
[Black "Stefansson, Vignir Vatnar"]
[Result "0-1"]
[ECO "C10"]
[WhiteElo "2209"]
[BlackElo "2461"]
[Annotator "ChessBase"]
[PlyCount "102"]
[EventDate "2022.07.12"]
[EventType "swiss"]
[EventCountry "SVK"]
[SourceTitle "playchess.com"]
[Source "ChessBase"]
[SourceQuality "1"]
[TimeControl "40/5400+30:1800+30"]

1. e4 e6 2. d4 d5 3. Nc3 a6 4. Nf3 Nf6 5. Bg5 dxe4 6. Nxe4 Be7 7. Nxf6+ Bxf6 8. Bxf6 Qxf6 9. c3 b6 10. Be2 Bb7 11. O-O Nd7 12. Qd2 c5 13. Rad1 Rd8 14. Qe3 O-O 15. dxc5 Nxc5 16. Ne5 Qe7 17. Bf3 Bxf3 18. Qxf3 Qc7 19. Qe2 b5 20. b3 Qb7 21. Rxd8 Rxd8 22. Rd1 Qc7 23. Nf3 Rxd1+ 24. Qxd1 Ne4 25. c4 bxc4 26. bxc4 Nd6 27. Nd2 h6 28. Qb3 Qc5 29. Qd3 Qe5 30. g3 a5 31. Nf3 Qc5 32. Nd2 a4 33. Qc2 a3 34. Qd3 Qb4 35. Kg2 f6 36. h4 Kf7 37. Kh2 Ke7 38. Kg2 f5 39. Qd4 Qb2 40. Qa7+ Kf6 41. Nf3 Nxc4 42. Qd7 Ne3+ 43. Kh3 Ng4 44. Qd8+ Kg6 45. Qe8+ Kh7 46. Qxe6 Nxf2+ 47. Kg2 Ne4+ 48. Kh3 Qb5 49. Nh2 Nf6 50. g4 fxg4+ 51. Nxg4 Qf1+ 0-1

[Event "Slovakia Open Piestany-A 2022"]
[Site "Piestany"]
[Date "2022.07.12"]
[Round "1.12"]
[White "Haring, Filip"]
[Black "Banas, Jan"]
[Result "1-0"]
[ECO "B42"]
[WhiteElo "2451"]
[BlackElo "2206"]
[Annotator "ChessBase"]
[PlyCount "63"]
[EventDate "2022.07.12"]
[EventType "swiss"]
[EventCountry "SVK"]
[SourceTitle "playchess.com"]
[Source "ChessBase"]
[SourceQuality "1"]
[TimeControl "40/5400+30:1800+30"]

1. e4 c5 2. Nf3 e6 3. d4 cxd4 4. Nxd4 a6 5. Bd3 Nf6 6. O-O d6 7. c4 Qc7 8. Nc3 b6 9. Kh1 Bb7 10. f4 Nbd7 11. Qf3 g6 12. Bd2 Bg7 13. Rae1 O-O 14. Qh3 Nc5 15. Bb1 Nfxe4 16. Nxe4 Bxd4 17. Ng5 h5 18. b4 Na4 19. Qd3 Bf6 20. f5 exf5 21. Rxf5 Nb2 22. Qc2 Qc6 23. Rg1 Bg7 24. Rxf7 Rxf7 25. Nxf7 Rf8 26. Nh6+ Bxh6 27. Qxg6+ Bg7 28. Qh7+ Kf7 29. Bc3 Ke6 30. Qg6+ Ke7 31. Qxg7+ Rf7 32. Bf6+ 1-0

[Event "Slovakia Open Piestany-A 2022"]
[Site "Piestany"]
[Date "2022.07.12"]
[Round "1.13"]
[White "Gyerpal, Adrian"]
[Black "Samunenkov, Ihor"]
[Result "0-1"]
[ECO "E04"]
[WhiteElo "2193"]
[BlackElo "2448"]
[Annotator "ChessBase"]
[PlyCount "160"]
[EventDate "2022.07.12"]
[EventType "swiss"]
[EventCountry "SVK"]
[SourceTitle "playchess.com"]
[Source "ChessBase"]
[SourceQuality "1"]
[TimeControl "40/5400+30:1800+30"]

1. d4 d5 2. c4 e6 3. Nf3 Nf6 4. g3 dxc4 5. Bg2 c5 6. Qa4+ Bd7 7. Qxc4 b5 8. Qc2 Na6 9. O-O Rc8 10. Qd1 cxd4 11. Nxd4 Nc5 12. Nd2 e5 13. N4b3 Be6 14. Nxc5 Bxc5 15. Nb3 Qxd1 16. Rxd1 Bb6 17. Bd2 O-O 18. Bc3 Bc4 19. e3 Rfe8 20. Na5 Bxa5 21. Bxa5 e4 22. Rd4 Bd3 23. Bc3 Ng4 24. a4 a6 25. Bh3 h5 26. Rd6 b4 27. Bxb4 Rc2 28. Bxg4 hxg4 29. Bc3 Rc8 30. Rd5 f6 31. a5 Kf7 32. Rd7+ Kg6 33. Rd5 Rc7 34. Kg2 Kf7 35. Rh5 Ke6 36. Rh4 Be2 37. h3 Bf3+ 38. Kg1 gxh3 39. Rxh3 Rd7 40. Rh4 Rd8 41. Re1 Kf7 42. Kf1 Kg8 43. Rh2 Rd6 44. Rh4 g5 45. Rh6 Kg7 46. Rh2 Rd8 47. Rh3 Kg6 48. Rh2 Rb8 49. Rh3 Kg7 50. Rh2 Rb5 51. Rh3 Rd5 52. Rh2 Rd3 53. Rh3 Bd1 54. Rh2 Bg4 55. Rh1 Rd6 56. Rh2 Rd7 57. Rh1 Rd3 58. Rh2 Bd1 59. Rh3 Rc1 60. Rh2 Ra1 61. Rh1 Ra4 62. Rh2 Rc4 63. f4 exf3 64. Kf2 Rd7 65. Reh1 Bc2 66. Rc1 Be4 67. Bxf6+ Kxf6 68. Rxc4 Rd2+ 69. Kg1 Rd1+ 70. Kf2 Rd2+ 71. Kg1 Rd1+ 72. Kf2 Bd3 73. Rc6+ Kf5 74. e4+ Kxe4 75. Re6+ Kf5 76. Rd6 Rd2+ 77. Ke3 Rxh2 78. Rxd3 Kg4 79. b4 Re2+ 80. Kd4 f2 0-1

[Event "Slovakia Open Piestany-A 2022"]
[Site "Piestany"]
[Date "2022.07.12"]
[Round "1.14"]
[White "Piesik, Piotr"]
[Black "Skreko, Igor"]
[Result "1-0"]
[ECO "E92"]
[WhiteElo "2440"]
[BlackElo "2193"]
[Annotator "ChessBase"]
[PlyCount "83"]
[EventDate "2022.07.12"]
[EventType "swiss"]
[EventCountry "SVK"]
[SourceTitle "playchess.com"]
[Source "ChessBase"]
[SourceQuality "1"]
[TimeControl "40/5400+30:1800+30"]

1. d4 Nf6 2. c4 g6 3. Nc3 Bg7 4. e4 d6 5. Nf3 O-O 6. Be2 e5 7. d5 a5 8. Bg5 Na6 9. Nd2 Bd7 10. O-O c6 11. Rb1 Qb8 12. Na4 Qc7 13. Be3 c5 14. a3 Ne8 15. Nc3 f5 16. exf5 gxf5 17. f4 Kh8 18. Kh1 Qd8 19. g4 exf4 20. Bxf4 fxg4 21. Nde4 Qh4 22. Qd2 Qe7 23. Rbe1 Bf5 24. Ng3 Bg6 25. Bxg4 Qh4 26. Be2 Nac7 27. Nce4 Ra6 28. Bd3 Rb6 29. Bg5 Qh3 30. Rxf8+ Bxf8 31. Nf2 Qd7 32. Bxg6 hxg6 33. Qf4 Kg8 34. Nd3 Ng7 35. Ne4 Nce8 36. Qf2 Nf5 37. b4 axb4 38. axb4 Bg7 39. b5 Nd4 40. Nf4 Qf5 41. Bd8 Bh6 42. Nxg6 1-0

[Event "Slovakia Open Piestany-A 2022"]
[Site "Piestany"]
[Date "2022.07.12"]
[Round "1.15"]
[White "Drtina, Milan"]
[Black "Moksh Amit Doshi"]
[Result "1/2-1/2"]
[ECO "B54"]
[WhiteElo "2167"]
[BlackElo "2409"]
[Annotator "ChessBase"]
[PlyCount "131"]
[EventDate "2022.07.12"]
[EventType "swiss"]
[EventCountry "SVK"]
[SourceTitle "playchess.com"]
[Source "ChessBase"]
[SourceQuality "1"]
[TimeControl "40/5400+30:1800+30"]

1. e4 c5 2. c4 Nc6 3. Nf3 d6 4. d4 cxd4 5. Nxd4 Nf6 6. Nc3 e6 7. Be2 Be7 8. O-O O-O 9. Be3 Bd7 10. Kh1 a6 11. f4 Rc8 12. Rc1 Qa5 13. Nb3 Qc7 14. c5 dxc5 15. e5 Nd5 16. Nxd5 exd5 17. Bxc5 Bxc5 18. Rxc5 Qb6 19. Rxd5 Be6 20. Rd6 Rfd8 21. Bg4 Rxd6 22. exd6 f5 23. Bxf5 Bxf5 24. Qd5+ Kh8 25. Qxf5 Rd8 26. Rd1 Qf2 27. h3 Qxb2 28. Nc5 Qe2 29. Qd3 Qxd3 30. Rxd3 b6 31. Nxa6 Kg8 32. Nc7 Kf7 33. g4 Rd7 34. Kg2 Na5 35. Kf3 Nc4 36. Nb5 Ke6 37. Ke4 Rd8 38. Rd4 Na5 39. Rd3 Nb7 40. f5+ Kd7 41. Kf4 Nc5 42. Re3 Kc6 43. Nd4+ Kxd6 44. Ne6 Ra8 45. a3 Ra4+ 46. Kf3 Nxe6 47. Rxe6+ Kd7 48. Re3 Kd6 49. g5 Ra5 50. Kg4 Ra4+ 51. Kh5 Kd7 52. h4 Rf4 53. Re5 Rf3 54. a4 Rf4 55. a5 bxa5 56. Rxa5 Ke7 57. Ra7+ Kf8 58. Ra8+ Ke7 59. Rh8 Rxf5 60. Rxh7 Kf7 61. Rh8 Ra5 62. Rb8 Rc5 63. Rb7+ Kg8 64. Kg6 Rc6+ 65. Kf5 Rc5+ 66. Ke6 1/2-1/2

[Event "Slovakia Open Piestany-A 2022"]
[Site "Piestany"]
[Date "2022.07.12"]
[Round "1.16"]
[White "Kostolansky, Sebastian Lukas"]
[Black "Michelle Catherina, P."]
[Result "1-0"]
[ECO "C88"]
[WhiteElo "2406"]
[BlackElo "2141"]
[Annotator "ChessBase"]
[PlyCount "73"]
[EventDate "2022.07.12"]
[EventType "swiss"]
[EventCountry "SVK"]
[SourceTitle "playchess.com"]
[Source "ChessBase"]
[SourceQuality "1"]
[TimeControl "40/5400+30:1800+30"]

1. e4 e5 2. Nf3 Nc6 3. Bb5 a6 4. Ba4 Nf6 5. O-O Be7 6. Re1 b5 7. Bb3 O-O 8. a4 Bb7 9. d3 d6 10. Bd2 b4 11. c3 a5 12. d4 bxc3 13. Bxc3 exd4 14. Nxd4 Nxd4 15. Qxd4 c5 16. Qd3 d5 17. exd5 Bxd5 18. Bc2 Be6 19. Qg3 Qb8 20. Be5 Qb4 21. Nc3 Qg4 22. Qe3 Qh5 23. Nb5 Rad8 24. h3 Nd5 25. Qg3 g6 26. Be4 Bh4 27. Qh2 Qh6 28. Bd6 Qd2 29. Bxc5 Qxb2 30. Rab1 Qa2 31. Bxd5 Bxd5 32. Qf4 g5 33. Qf6 Be4 34. Bxf8 Rxf8 35. Nc3 Bxb1 36. Nxa2 Bxa2 37. g3 1-0

[Event "Slovakia Open Piestany-A 2022"]
[Site "Piestany"]
[Date "2022.07.12"]
[Round "1.17"]
[White "Tripodi, Enzo"]
[Black "Pacher, Milan"]
[Result "1-0"]
[ECO "C68"]
[WhiteElo "2141"]
[BlackElo "2399"]
[Annotator "ChessBase"]
[PlyCount "79"]
[EventDate "2022.07.12"]
[EventType "swiss"]
[EventCountry "SVK"]
[SourceTitle "playchess.com"]
[Source "ChessBase"]
[SourceQuality "1"]
[TimeControl "40/5400+30:1800+30"]

1. e4 e5 2. Nf3 Nc6 3. Bb5 a6 4. Bxc6 dxc6 5. Nc3 f6 6. d4 exd4 7. Qxd4 Qxd4 8. Nxd4 Bd6 9. Be3 Ne7 10. O-O-O c5 11. Nde2 Be6 12. f4 O-O-O 13. f5 Bf7 14. g4 g5 15. h4 h6 16. Rh3 Nc6 17. Rdh1 Rhf8 18. hxg5 hxg5 19. Rh6 Ne5 20. Rg1 Rh8 21. Rxf6 Be7 22. Rxf7 Nxf7 23. Nd5 Bd6 24. b4 Rh2 25. bxc5 Rxe2 26. cxd6 Rxd6 27. Bc5 Rh6 28. Nc3 Reh2 29. Nd5 Ne5 30. Be3 Re2 31. Bxg5 Rh7 32. Bf4 Rxe4 33. g5 Rd7 34. Rd1 Nc4 35. g6 c6 36. f6 cxd5 37. g7 Re8 38. Rh1 Rxg7 39. fxg7 Kd7 40. Be5 1-0

[Event "Slovakia Open Piestany-A 2022"]
[Site "Piestany"]
[Date "2022.07.12"]
[Round "1.18"]
[White "Lewtak, Damian"]
[Black "Travnicek, Krystof Mikulas"]
[Result "1/2-1/2"]
[ECO "D00"]
[WhiteElo "2397"]
[BlackElo "2138"]
[Annotator "ChessBase"]
[PlyCount "124"]
[EventDate "2022.07.12"]
[EventType "swiss"]
[EventCountry "SVK"]
[SourceTitle "playchess.com"]
[Source "ChessBase"]
[SourceQuality "1"]
[TimeControl "40/5400+30:1800+30"]

1. d4 d5 2. c3 Nf6 3. Bf4 e6 4. e3 Bd6 5. Nd2 c5 6. Bg3 Qc7 7. Ngf3 Nbd7 8. Be2 O-O 9. O-O Bxg3 10. hxg3 e5 11. dxe5 Nxe5 12. c4 Rd8 13. cxd5 Rxd5 14. Nxe5 Qxe5 15. Bf3 Rd8 16. Nc4 Qc7 17. Qc2 Be6 18. Rfd1 Rab8 19. Rac1 b6 20. Nd2 Rbc8 21. Be2 Qe7 22. a3 Bg4 23. Nf3 Rxd1+ 24. Rxd1 Rd8 25. Rxd8+ Qxd8 26. Qa4 Qc7 27. Bc4 h6 28. Kf1 Bd7 29. Qb3 Be8 30. Ke2 Kf8 31. Qc3 Bc6 32. Qd3 Be4 33. Qc3 Bd5 34. Bxd5 Nxd5 35. Qc4 Qd6 36. g4 Nf6 37. g5 hxg5 38. Nxg5 Qd5 39. Qxd5 Nxd5 40. Kd3 Ke7 41. Kc4 Nc7 42. a4 f5 43. f4 Kd6 44. Nf7+ Ke6 45. Ng5+ Kd6 46. Kd3 Nd5 47. g3 a6 48. e4 fxe4+ 49. Nxe4+ Kc6 50. f5 Ne7 51. g4 Kd5 52. Ke3 Ke5 53. b3 Nc6 54. Ng3 g6 55. fxg6 Kf6 56. Ne4+ Kxg6 57. Kd2 Na5 58. Kc3 b5 59. Nxc5 Nxb3 60. axb5 Nxc5 61. bxa6 Nxa6 62. g5 Kxg5 1/2-1/2

[Event "Slovakia Open Piestany-A 2022"]
[Site "Piestany"]
[Date "2022.07.12"]
[Round "1.19"]
[White "Nadzamova, Viktoria"]
[Black "Czerw, Dawid"]
[Result "0-1"]
[ECO "A46"]
[WhiteElo "2133"]
[BlackElo "2391"]
[Annotator "ChessBase"]
[PlyCount "88"]
[EventDate "2022.07.12"]
[EventType "swiss"]
[EventCountry "SVK"]
[SourceTitle "playchess.com"]
[Source "ChessBase"]
[SourceQuality "1"]
[TimeControl "40/5400+30:1800+30"]

1. d4 Nf6 2. g3 e6 3. Bg2 d5 4. Nf3 b5 5. O-O Bb7 6. b3 Nbd7 7. Nbd2 b4 8. Bb2 Be7 9. c4 bxc3 10. Bxc3 c5 11. dxc5 Nxc5 12. b4 Ncd7 13. Qb3 O-O 14. Rfd1 Rc8 15. Bd4 a6 16. Qb2 h6 17. Ne5 Nxe5 18. Bxe5 Qb6 19. Rab1 Bc6 20. a3 Rfd8 21. Nf3 Ne8 22. Bd4 Qb7 23. Ne5 Ba4 24. Rdc1 Bb5 25. Qa2 Nd6 26. a4 Be8 27. Nd3 Nf5 28. Bc3 Qa7 29. e4 dxe4 30. Bxe4 Nd4 31. Ne5 Bg5 32. Bxd4 Rxc1+ 33. Rxc1 Qxd4 34. Re1 Qxb4 35. Nf3 Qxa4 36. Qxa4 Bxa4 37. Ra1 Bb5 38. Nxg5 hxg5 39. Bb7 Rd7 40. Be4 f5 41. Bf3 Kf7 42. Rc1 g4 43. Bd1 Kf6 44. Bb3 Rd3 0-1